 Dungeon Crawl Stone Soup version 0.30.1-9-gdf580d7c3d (webtiles) character file.

Game seed: 216598003022010105

382 pkoi the Insei (level 6, -7/52 HPs)
             Began as a Draconian Monk on Oct 24, 2023.
             Was a Believer of Makhleb.
             Mangled by a hornet (13 damage)
             ... on level 5 of the Dungeon.
             The game lasted 00:05:09 (4453 turns).

pkoi the Insei (Draconian Monk)                     Turns: 4453, Time: 00:05:09

Health: -7/52      AC:  7    Str: 13    XL:     6   Next: 47%
Magic:  7/7        EV: 12    Int: 13    God:    Makhleb [**....]
Gold:   213        SH:  0    Dex: 13    Spells: 5/5 levels left

rFire   . .          .
                       - Unarmed
rCold   . . .        b - orb {light}
rNeg    . . .        (body armour unavailable)
rPois   .            (helmet restricted)
rElec   .            (no cloak)
rCorr   .            d - +0 pair of gloves
SInv    .            (no boots)
Will    +....        (no amulet)
Stlth   +            g - ring of flight
HPRegen 0.28/turn    p - ring of willpower
MPRegen 0.10/turn

%: no passive effects
@: mighty, flying, slowed, glowing, very slow
A: AC +6, unfitting armour, cold-blooded, teleportitis 1
a: Renounce Religion, Minor Destruction


You were on level 5 of the Dungeon.
You worshipped Makhleb.
Makhleb was pleased with you.
You visited 2 branches of the dungeon, and saw 6 of its levels.

You collected 213 gold pieces.

Inventory:

Hand Weapons
 n - a +2 short sword of speed
Missiles
 i - 2 poisoned darts (quivered)
Armour
 b - an orb of light (worn)
 d - a +0 pair of gloves (worn)
Jewellery
 g - a ring of flight (left hand)
 p - a ring of willpower (right hand)
Scrolls
 c - a scroll of magic mapping
 f - 2 scrolls of enchant weapon
 h - a scroll of identify
Potions
 a - 2 potions of ambrosia
 o - 2 potions of curing


   Skills:
 + Level 3.9 Fighting
 - Level 3.0 Dodging
 + Level 6.3 Unarmed Combat
 + Level 2.6 Invocations


You had 5 spell levels left.
You didn't know any spells.
Your spell library contained the following spells:

 Spells                   Type           Power      Damage    Failure   Level
 Scorch                   Fire           0%         2d5       43%         2
 Flame Wave               Conj/Fire      0%         2d4       97%         4
 Summon Cactus Giant      Summ           0%         N/A       100%        6


Dungeon Overview and Level Annotations

Branches:
Dungeon (5/15)             Temple (1/1) D:4

Altars:
Cheibriados
Elyvilon
Kikubaaqudgha
Makhleb
Nemelex Xobeh
Qazlal
Ru
Uskayaw
Wu Jian
Xom
Zin
The Shining One

Annotations:
D:4 1 runed translucent door, Crazy Yiuf


Innate Abilities, Weirdness & Mutations

Your plain brown scales are hard. (AC +6)
You cannot fit into any form of body armour.
You are cold-blooded and may be slowed by cold attacks.
You are occasionally teleported next to monsters.


Message History

You feel very mighty all of a sudden. The hornet barely misses you.
You barely miss the hornet. The hornet closely misses you.
The hornet barely misses you.
You closely miss the hornet. The hornet stings you.
You suddenly lose the ability to move!
The hornet stings you but does no damage.
The hornet completely misses you. The hornet stings you!
You feel yourself slow down.
The hornet stings you but does no damage.
The hornet stings you!
You feel as though you will be slow longer.
You can move again.
Unknown command.
Unknown command.
Unknown command.
You hit the hornet.
You tail-slap the hornet, but do no damage.
The hornet is lightly wounded.
The hornet stings you!
You feel as though you will be slow longer.
The hornet stings you!
* * * LOW HITPOINT WARNING * * *
You feel as though you will be slow longer.
You barely miss the hornet.
The hornet is lightly wounded.
The hornet stings you!
* * * LOW HITPOINT WARNING * * *
You shrug off the repeated paralysis!
The hornet closely misses you.
Unknown command.
You punch the hornet!
The hornet is moderately wounded.
The hornet barely misses you.
Unknown command.
Unknown command.
Unknown command.
You closely miss the hornet. You tail-slap the hornet!
The hornet is severely wounded.
The hornet stings you!
You die...

.. #..##...##.# ##
#...........
#.##.......O... #.#
#.....<....#### #.#
####.##.##.# #.#
#.##.##.# #.# #.......#
#.# ####y#### ####.#
##@# #.##.# #####..###
...#.######........##..
....................'..
...#.######.##...#.##..
#.##.# #.##...#.# .
####.# #.##.###.#
########.##.# #
#........##.#


You could see a hornet.

Vanquished Creatures
  A phantom (D:4)
  A gnoll bouda (D:4)
  A jelly (D:4)
  Jessica (D:3)
  An iguana (D:4)
  8 gnolls
  3 adders
  2 ufetubi (D:5)
  3 dart slugs
  10 orcs
  8 ball pythons
  6 bats
  10 endoplasms
  A giant cockroach (D:1)
  2 goblins
  5 hobgoblins
  2 jackals (D:1)
  3 quokkas
  2 frilled lizards
  5 kobolds
  12 rats
87 creatures vanquished.

Notes
Turn   | Place    | Note
-------+----------+-------------------------------------------
     0 | D:1      | pkoi the Draconian Monk began the quest for the Orb.
     0 | D:1      | Reached XP level 1. HP: 19/19 MP: 1/1
    67 | D:1      | Reached XP level 2. HP: 12/26 MP: 2/2
   254 | D:1      | Found a faded altar of an unknown god.
   441 | D:1      | Reached skill level 4 in Unarmed Combat
   602 | D:1      | Reached XP level 3. HP: 31/31 MP: 3/3
  1380 | D:3      | Gained mutation: You are occasionally teleported next to
                  | monsters. [potion of mutation]
  1831 | D:3      | Reached XP level 4. HP: 28/38 MP: 4/4
  1936 | D:3      | Reached skill level 5 in Unarmed Combat
  2016 | D:3      | Noticed Jessica
  2025 | D:3      | Killed Jessica
  2485 | D:4      | HP: 1/38 [acid (2)]
  2486 | D:4      | Reached XP level 5. HP: 1/45 MP: 5/5
  2623 | D:4      | Found a staircase to the Ecumenical Temple.
  2649 | Temple   | Entered the Ecumenical Temple
  2811 | Temple   | Became a worshipper of Makhleb the Destroyer
  2811 | Temple   | Reached * piety under Makhleb
  2811 | Temple   | Reached ** piety under Makhleb
  2869 | D:4      | Found a runed translucent door.
  2870 | D:4      | Noticed Crazy Yiuf
  3024 | D:4      | Reached skill level 1 in Invocations
  3375 | D:5      | Entered Level 5 of the Dungeon
  3375 | D:5      | Noticed a steam dragon
  3423 | D:5      | Reached skill level 6 in Unarmed Combat
  3771 | D:5      | Noticed a hornet
  3771 | D:5      | Noticed a phantom
  3771 | D:5      | Noticed a komodo dragon
  3780 | D:5      | Noticed an ogre
  3820 | D:4      | HP: 1/45 [gnoll/+0 halberd[a gnoll bouda] (11)]
  4150 | D:5      | Reached XP level 6. HP: 33/51 MP: 7/7
  4267 | D:5      | Noticed an ice beast
  4446 | D:5      | Paralysed by a hornet for 3 turns
  4453 | D:5      | Mangled by a hornet

Illustrated notes

Levels and vault maps discovered:
D:1:      wander_arrival_peaceful_grave, layout_rooms, basic_ecumenical_altar,
          minmay_cut_off
D:2:      layout_rooms
D:3:      layout_loops_corners, uniq_jessica
D:4:      layout_cave_pools, minmay_temple_entry_junction_2,
          serial_bayou_pond_c, minmay_misc_feat_enclosed, kennysheep_cross_room,
          uniq_crazy_yiuf_cottage
D:5:      minmay_clustersquares, layout_loops_corners
Temple:   hellmonk_temple_flake

Skill      XL: |  1  2  3  4  5  6 |
---------------+-------------------+-----
Unarmed Combat | 4 5 6 |  6.3
Invocations    | 2 |  2.6
Dodging        | 3 |  3.0
Fighting       | |  3.9

Action                     |  1- 3 |  4- 6 || total
---------------------------+-------+-------++-------
  Melee: Unarmed           |   136 |   166 ||   302
         Tailslap          |    24 |    29 ||    53
    Use: Scroll            |     7 |     3 ||    10
         Potion            |     5 |     4 ||     9
 Armour: Skin              |    36 |    51 ||    87
  Dodge: Dodged            |    77 |   100 ||   177
